 Dungeon Crawl Stone Soup version 0.16.2-12-gd0ad4c3 (webtiles) character file.

308159 Iskender the Marksnaga (level 21, -29/166 HPs)
             Began as a Naga Warper on Oct 27, 2015.
             Was an Elder of Cheibriados.
             Shot with a bolt by a yaktaur captain (30 damage)
             ... on level 3 of the Depths on Oct 29, 2015.
             The game lasted 07:57:06 (50695 turns).

Iskender the Marksnaga (Naga Warper)               Turns: 50695, Time: 07:57:06

Health: -29/166    AC: 27    Str: 25    XL:     21   Next: 20%
Magic:  25/45      EV: 21    Int: 29    God:    Cheibriados [****..]
Gold:   1425       SH:  0    Dex: 29    Spells: 7 memorised, 9 levels left

rFire  + . .     SeeInvis +     a - +3 battleaxe (venom)
rCold  + . .     Clarity  .     Z - +2 scale mail {rF+}
rNeg   . . .     SustAb   .     (no shield)
rPois  +         Gourm    .     J - +3 hat of Pondering {ponderous, MR+ MP+10 Int+5}
rElec  .         Spirit   .     E - +1 cloak {MR+}
rCorr  .         Warding  .     y - +1 pair of gloves
rMut   .         Stasis   .     T - +4 naga barding {rC+}
MR     ++++.                    X - amulet of faith
Stlth  +++++.....               L - +4 ring of evasion
                                r - +3 ring of evasion

@: lethally poisoned (-29 -> -32), very slow, incredibly resistant to hostile
enchantments, quite stealthy
A: spit poison, constrict 1, see invisible, deformed body, poison resistance,
slowness 2, AC +7
a: Spit Poison, Bend Time, Temporal Distortion, Slouch, Renounce Religion
}: 2/15 runes: serpentine, barnacled


You were on level 3 of the Depths.
You worshipped Cheibriados.
Cheibriados was greatly pleased with you.
You were hungry.

You visited 7 branches of the dungeon, and saw 41 of its levels.
You visited the Abyss 1 time.
You also visited: Labyrinth, Ice Cave and Volcano.

You collected 4118 gold pieces.
You spent 2693 gold pieces at shops.

Inventory:

Hand weapons
 a - a +3 battleaxe of venom (weapon)
 b - a +5 longbow of flaming
 B - a +3 longbow of freezing
Missiles
 g - 462 arrows
 m - 63 arrows of frost
 q - 8 throwing nets (quivered)
 s - 28 poisoned arrows
 A - 43 arrows of dispersal {!f=f=F}
 H - 53 arrows of flame
Armour
 y - a +1 pair of gloves (worn)
 E - a +1 cloak of magic resistance (worn)
 J - the +3 hat of Pondering (worn) {ponderous, MR+ MP+10 Int+5}
   (You bought it in a shop on level 14 of the Dungeon)

   It affects your intelligence (+5).
   It affects your resistance to hostile enchantments.
   It affects your magic capacity (+10).
 T - a +4 naga barding of cold resistance (worn)
 Z - a +2 scale mail of fire resistance (worn)
Jewellery
 r - a +3 ring of evasion (left hand)
 z - an uncursed ring of protection from fire
 L - a +4 ring of evasion (right hand)
 O - an uncursed amulet of resist mutation
 X - an amulet of faith (around neck)
Magical devices
 d - a wand of invisibility (5)
 e - a wand of disintegration (9)
 i - a wand of cold (6)
 t - a wand of fire (5)
 v - a wand of paralysis (15)
 D - a wand of digging (13)
 K - a wand of enslavement (11)
 M - a wand of teleportation (2)
 P - a wand of heal wounds (5)
Scrolls
 c - 4 scrolls of teleportation
 k - a scroll of recharging
 l - 3 scrolls of identify
 n - a scroll of enchant armour
 u - a scroll of summoning
 G - 4 scrolls of immolation
 I - a scroll of silence
 Q - a scroll of magic mapping
 R - 12 scrolls of remove curse
 W - a scroll of fear
Potions
 f - 2 potions of invisibility
 j - 4 potions of curing
 o - 2 potions of might
 p - 3 potions of agility
 x - 2 potions of magic
 C - 3 potions of resistance
 V - 8 potions of brilliance
 Y - 3 potions of restore abilities
Miscellaneous
 h - a fan of gales
 S - a phantom mirror
Comestibles
 F - 10 slices of pizza
 N - 13 meat rations


   Skills:
 - Level 5.5 Fighting
 - Level 20.0 Axes
   Level 5.0 Slings
 - Level 20.0 Bows
 - Level 0.8(3.2) Throwing
 - Level 0.7 Armour
 - Level 8.3 Dodging
 - Level 12.2 Stealth
 - Level 3.2 Spellcasting
 - Level 1.0 Charms
 + Level 10.2 Translocations
 - Level 13.3 Invocations


You had 9 spell levels left.
You knew the following spells:

 Your Spells              Type           Power        Failure   Level  Hunger
f - Flight                Chrm/Air       #.........   52%         3    ##.....
g - Shroud of Golubria    Chrm/Tloc      #####.....   3%          2    #......
n - Portal Projectile     Tloc           ######       1%          3    ##.....
r - Repel Missiles        Chrm/Air       #.....       24%         2    #......
t - Control Teleport      Chrm/Tloc      #####.....   21%         4    ####...
v - Blink                 Tloc           N/A          1%          2    #......
A - Apportation           Tloc           ######....   1%          1    None


Dungeon Overview and Level Annotations

Branches:
Dungeon (15/15)            Temple (1/1) D:5            Lair (8/8) D:9
 Shoals (5/5) Lair:3        Snake (5/5) Lair:4        Slime (0/6) Lair:7
    Orc (4/4) D:9             Elf (0/3) Orc:3        Vaults (0/5) D:13
 Depths (3/5) D:15

Altars:
Ashenzari
Cheibriados
Dithmenos
Elyvilon
Fedhas
Gozag
Kikubaaqudgha
Makhleb
Nemelex Xobeh
Okawaru
Qazlal
Ru
Sif Muna
Trog
Vehumet
Xom
Yredelemnul
Zin
The Shining One
Beogh
Jiyva

Shops:
D:12 }   D:14 [   Orc:2 [   Orc:4 :!([   Shoals:2 :   Snake:2 !

Portals:
Hell: Depths:1 Depths:2
Abyss: Depths:2
Ziggurat: Depths:2

Annotations:
D:10 1 runed door
Orc:4 Erolcha
Depths:2 exclusion: door
Depths:3 the Enchantress


Innate Abilities, Weirdness & Mutations

You cannot wear boots.
You can spit poison.
You can use your snake-like lower body to constrict enemies.
Your serpentine skin is tough (AC +7).
You have supernaturally acute eyesight.
Armour fits poorly on your strangely shaped body.
Your system is resistant to poisons.
You cover ground very slowly.


Message History

The death yak gores you!!
* * * LOW HITPOINT WARNING * * *
You hear a bellow!
You hear a horrible gurgling sound!
You hear a bellow!
A yaktaur captain comes into view.
Your surroundings suddenly seem different.
You feel sick.
The yaktaur captain wields an arbalest.
The yaktaur captain shoots a bolt.
The bolt hits you!!
* * * LOW HITPOINT WARNING * * *
You hear a trumpeting!
The yaktaur captain shoots a bolt.
The bolt completely misses you. The death yak closely misses you.
You hear a trumpeting!
Found a meat ration. 4 death yaks, 4 ugly things and a stone giant come into view.
There is a stone staircase leading down, spattered with blood here.
You see here 2 bolts.
You feel sick. The death yak gores you!!
* * * LOW HITPOINT WARNING * * *
The yaktaur captain shoots a bolt.
The bolt hits you!!
You die...

#C..C#........#
#†)......(...#
#.)..........#
......#.##.##.....#
... ...#.Y##.....# #
....##....Y....###
..#.#..##YiCi.......
...##...YYu..c......
# ......uY@.#
.....u.#### .....
%..u ... .


You could see the Enchantress, a stone giant, 5 death yaks, a yaktaur captain,
an elephant (berserk), 4 ugly things and a spriggan.

Vanquished Creatures
  A profane servitor (Abyss:1)
  Nikola (Shoals:3)
  2 liches (Depths:1)
  The ghost of Kloppie the Tortoise, a mighty MiBe of Trog (Snake:4)
  A kraken (Shoals:5)
  Agnes (Depths:3)
  Ilsuiw (Shoals:5)
  2 frost giants
  6 greater nagas
  A fire giant (Depths:3)
  A balrug (Depths:2)
  2 emperor scorpions
  Aizul (Snake:5)
  An angel (Depths:2)
  Gastronok (Orc:3)
  The ghost of Kira the Sorcerer, a mighty DEWz of Vehumet (Snake:5)
  A war gargoyle (D:12)
  5 stone giants
  4 rakshasas (Depths:1)
  3 spriggan defenders (Depths:3)
  2 very ugly things (Depths:1)
  A blizzard demon (Abyss:1)
  Snorg (Shoals:1)
  An ettin (Depths:2)
  7 merfolk javelineers
  A minotaur (Lab)
  4 merfolk impalers
  A yaktaur captain (Depths:2)
  3 great orbs of eyes
  Fannar (D:13)
  2 ice dragons
  15 anacondas
  16 naga warriors
  Nessos (Shoals:2)
  3 spriggan air magi (Depths:3)
  2 ogre magi
  7 hydras
  2 deep troll shamans
  6 merfolk avatars
  Erica (Lair:2)
  A deep troll earth mage (Depths:1)
  5 satyrs
  3 centaur warriors
  3 merfolk aquamancers (Shoals:5)
  5 catoblepae
  2 alligator snapping turtles
  2 tengu warriors (D:15)
  A vampire mage (Depths:1)
  15 death yaks
  12 shock serpents
  8 naga sharpshooters
  2 soul eaters (Depths:2)
  6 orc high priests (Orc:4)
  A titan skeleton (Abyss:1)
  A sun demon (Volcano)
  A fulminant prism (Snake:5)
  2 ice devils (D:15)
  3 unseen horrors
  6 hell knights (Depths:2)
  4 salamander mystics (Snake:5)
  4 skeletal warriors (D:15)
  9 sea snakes
  8 naga ritualists
  3 ice statues (IceCv)
  A giant orange brain (Depths:1)
  4 deep trolls (Depths:1)
  3 starcursed masses (Abyss:1)
  11 hill giants
  5 lindwurms
  4 orc knights
  6 wizards
  A deep elf conjurer (D:15)
  14 griffons
  A wolf spider zombie (D:14)
  A statue (Volcano)
  10 harpies
  A large abomination (Abyss:1)
  4 necromancers
  9 mana vipers
  2 orc sorcerers
  13 manticores
  10 salamanders
  33 ugly things
  6 fauns (Shoals:3)
  8 cyclopes
  46 black mambas
  9 water nymphs
  A frost giant skeleton (Depths:1)
  11 sirens
  4 sixfirhies
  2 drowned souls (Shoals:5)
  25 naga magi
  53 elephants
  11 guardian serpents
  12 komodo dragons
  An orange demon (Orc:4)
  A smoke demon (Abyss:1)
  Psyche (Orc:2)
  2 gargoyles
  15 spiny frogs
  3 fire drakes
  2 kobold demonologists (D:15)
  A yaktaur skeleton (Depths:1)
  2 hellwings
  2 yaktaurs
  A deep elf priest (D:11)
  4 polar bears
  2 red devils
  Sonja (Shoals:1)
  A freezing wraith (D:14)
  33 merfolk
  7 wind drakes
  2 ravens (D:15)
  17 snapping turtles
  6 trolls
  15 slime creatures
  7 two-headed ogres
  A boulder beetle (Lair:8)
  3 raiju (Abyss:1)
  24 blink frogs
  5 deep elf magi
  4 basilisks
  A spriggan (Depths:3)
  A spriggan skeleton (Depths:1)
  20 water elementals
  An ettin skeleton (Depths:1)
  A trapdoor spider (D:12)
  A centaur simulacrum (D:15)
  A human (D:7)
  A chaos spawn (Abyss:1)
  A fire elemental (Depths:2)
  35 yaks
  6 fire bats
  7 golden eyes (Abyss:1)
  A wyvern (D:13)
  4 deep elf fighters
  A shadow (D:15)
  A wraith (D:14)
  A warg (Orc:4)
  2 mottled dragons
  19 wolves
  16 hippogriffs
  44 nagas
  5 hungry ghosts
  2 small abominations (Abyss:1)
  2 hell hounds
  42 water moccasins
  2 eyes of draining
  2 black bears
  11 porcupines
  13 ice beasts
  4 sky beasts
  48 orc warriors
  6 necrophages
  22 ogres
  A wasp (Depths:3)
  21 centaurs
  An ettin simulacrum (Depths:1)
  A brain worm (D:14)
  24 giant frogs
  18 crocodiles
  3 big kobolds
  A gnoll sergeant (D:11)
  A wyvern zombie (D:10)
  A raiju zombie (Abyss:1)
  8 scorpions
  16 wights
  5 electric eels
  19 killer bees
  4 quasits
  7 crimson imps
  A giant frog zombie (D:5)
  A goliath beetle (D:11)
  6 centaur zombies
  2 giant frog skeletons
  4 jellies
  An iron imp (Abyss:1)
  A gnoll shaman (D:8)
  12 hounds
  6 centaur skeletons
  6 lava snakes (Volcano)
  41 orc priests
  18 iguanas
  36 orc wizards
  14 worker ants
  A killer bee zombie (D:10)
  26 sheep
  A hound zombie (D:10)
  A hound skeleton (D:4)
  4 mummies
  2 worker ant zombies
  10 gnolls
  40 adders
  50 river rats
  8 shadow imps
  5 worms
  An adder zombie (D:9)
  2 adder skeletons
  216 orcs
  15 bats
  22 goblins
  19 hobgoblins
  5 jackals
  25 kobolds
  21 quokkas
  A ball python skeleton (D:4)
  6 giant cockroaches
  7 giant geckos
  4 giant newts
  A giant spore (D:10)
  A jackal zombie (D:7)
  A kobold zombie (D:7)
  13 rats
  4 ballistomycetes (D:10)
  5 butterflies (Depths:1)
  10 fungi
  11 plants
1847 creatures vanquished.

Vanquished Creatures (collateral kills)
  2 elephants (Lair:6)
  A deep elf mage (D:12)
  A wasp (D:12)
  A centaur (Lair:4)
5 creatures vanquished.

Vanquished Creatures (others)
  6 drowned souls
  6 spiders
  2 giant mites (Lair:4)
  3 bushes
  3 butterflies (Depths:1)
  78 fungi
  45 plants
  38 tentacles (Shoals:5)
  560 tentacle segments (Shoals:5)
741 creatures vanquished.

Grand Total: 2593 creatures vanquished

Notes
Turn   | Place    | Note
--------------------------------------------------------------
     0 | D:1      | Iskender, the Naga Warper, began the quest for the Orb.
     0 | D:1      | Reached XP level 1. HP: 19/19 MP: 3/3
    62 | D:1      | Reached XP level 2. HP: 10/26 MP: 4/4
    82 | D:1      | Learned a level 2 spell: Blink
    85 | D:1      | Learned a level 2 spell: Shroud of Golubria
   347 | D:1      | Reached skill level 1 in Charms
  1136 | D:2      | Reached skill level 1 in Stealth
  1136 | D:2      | Reached XP level 3. HP: 32/32 MP: 6/6
  1242 | D:2      | Found a stormy altar of Qazlal.
  1468 | D:2      | Reached XP level 4. HP: 18/39 MP: 4/7
  1716 | D:2      | Reached skill level 4 in Stealth
  1972 | D:3      | Reached skill level 5 in Stealth
  2120 | D:3      | Found an iron altar of Okawaru.
  2315 | D:3      | Reached XP level 5. HP: 32/45 MP: 7/9
  3054 | D:4      | Reached XP level 6. HP: 12/52 MP: 6/10
  3288 | D:4      | Reached skill level 5 in Axes
  3376 | D:5      | Entered Level 5 of the Dungeon
  3539 | D:4      | Found a glowing silver altar of Zin.
  3559 | D:4      | Reached skill level 6 in Axes
  4173 | D:4      | Reached XP level 7. HP: 51/60 MP: 7/12
  4262 | D:4      | Found a stormy altar of Qazlal.
  4453 | D:5      | Found a glowing golden altar of the Shining One.
  4492 | D:5      | Found a staircase to the Ecumenical Temple.
  4516 | Temple   | Entered the Ecumenical Temple
  4857 | Temple   | Became a worshipper of Cheibriados the Contemplative
  4982 | D:5      | Reached skill level 1 in Invocations
  5320 | D:5      | Reached skill level 1 in Slings
  5581 | D:5      | Found a sparkling altar of Nemelex Xobeh.
  5698 | D:5      | Acquired Cheibriados' first power
  5750 | D:5      | Reached skill level 7 in Stealth
  5836 | D:5      | Reached XP level 8. HP: 39/67 MP: 13/13
  7199 | D:7      | Identified the Grimoire of the Glacier and Confrontation
  7595 | D:7      | Reached skill level 5 in Slings
  7633 | D:7      | You fall through a shaft!
  7633 | D:8      | Found a sacrificial altar of Ru.
  7782 | D:7      | Reached XP level 9. HP: 30/73 MP: 14/14
  7794 | D:6      | Reached skill level 8 in Axes
  8270 | D:8      | Acquired Cheibriados' second power
  8462 | D:8      | Found an opulent altar of Gozag.
  9334 | D:8      | Reached skill level 5 in Translocations
  9362 | D:8      | Acquired Cheibriados' third power
  9372 | D:8      | Learned a level 4 spell: Passage of Golubria
 10145 | D:9      | Reached skill level 5 in Invocations
 10145 | D:9      | Reached XP level 10. HP: 63/80 MP: 14/18
 10145 | D:9      | Acquired Cheibriados' fourth power
 10225 | D:8      | Reached skill level 9 in Axes
 10681 | D:9      | Reached skill level 10 in Axes
 10692 | D:9      | Found a staircase to the Orcish Mines.
 11060 | D:9      | Found a staircase to the Lair.
 11163 | D:9      | Reached skill level 1 in Bows
 11239 | Lair:1   | Entered Level 1 of the Lair of Beasts
 11986 | Lair:1   | Reached skill level 5 in Bows
 12437 | Lair:1   | Reached XP level 11. HP: 86/86 MP: 15/21
 13489 | Lair:2   | Noticed Erica
 15281 | Lair:3   | Reached skill level 10 in Bows
 15357 | Lair:3   | Reached XP level 12. HP: 77/93 MP: 20/22
 15697 | Lair:3   | Noticed a death yak
 16243 | Lair:3   | Noticed a death yak
 16264 | Lair:3   | Reached skill level 11 in Bows
 16435 | Lair:4   | Found a staircase to the Snake Pit.
 16466 | Lair:3   | Noticed a death yak
 16885 | Lair:4   | Found a bloodstained altar of Trog.
 17212 | Lair:4   | Got an encrusted leather armour
 17251 | Lair:4   | Identified the +1 leather armour of Lesser Demons {+Fly rF- rN++ MR+ Dex-4} (You found it on level 4 of the Lair of Beasts)
 17298 | Lair:4   | Reached skill level 12 in Bows
 18662 | Lair:5   | Got a brightly glowing short sword
 19299 | Lair:6   | Reached skill level 13 in Bows
 19311 | Lair:6   | Reached XP level 13. HP: 56/99 MP: 10/23
 19695 | Lair:6   | Noticed an eight-headed hydra
 19704 | Lair:6   | Killed an eight-headed hydra
 19949 | Lair:6   | Identified the +4 short sword of Hak Briq {venom, rF+ rN+} (You found it on level 5 of the Lair of Beasts)
 19952 | Lair:6   | Got a twisted long sword
 19953 | Lair:6   | Identified the +5 long sword of Sin {slice, +Blink} (You found it on level 6 of the Lair of Beasts)
 20026 | Lair:6   | Got a jewelled rapier
 20027 | Lair:6   | Identified the cursed -1 rapier of Benevolence {pierce, rElec rPois rC-} (You found it on level 6 of the Lair of Beasts)
 20456 | Lair:7   | Got a bronze ring mail
 20533 | Lair:7   | Identified the +3 ring mail of Noyc {-Cast Regen+ rCorr Str-2 Slay+2} (You found it on level 7 of the Lair of Beasts)
 20644 | Lair:7   | Reached skill level 14 in Bows
 20668 | Lair:7   | Reached skill level 5 in Dodging
 20707 | Lair:7   | Learned a level 3 spell: Portal Projectile
 20841 | Lair:7   | Found a viscous altar of Jiyva.
 20841 | Lair:7   | Found a staircase to the Slime Pits.
 21431 | Lair:7   | Found a glowing golden altar of the Shining One.
 21544 | Lair:8   | Entered Level 8 of the Lair of Beasts
 21726 | Lair:8   | Found a dark tunnel.
 21767 | Volcano  | Entered a volcano
 22381 | Volcano  | Found a burning altar of Makhleb.
 22908 | Lair:8   | Reached XP level 14. HP: 76/108 MP: 21/24
 23847 | Lair:8   | HP: 3/108 [catoblepas (13)]
 23848 | Lair:8   | HP: 1/108 [catoblepas/blast of calcifying dust (2)]
 23854 | Lair:8   | HP: 2/108 [catoblepas/blast of calcifying dust (1)]
 23862 | Lair:8   | HP: 4/108 [five-headed hydra (14)]
 25241 | Lair:3   | Noticed a death yak
 25253 | Lair:3   | Killed a death yak
 25256 | Lair:3   | Killed a death yak
 25272 | Lair:3   | Killed a death yak
 25277 | Lair:3   | Killed a death yak
 25443 | Lair:3   | Found a staircase to the Shoals.
 25576 | Lair:3   | Reached skill level 15 in Bows
 25710 | Lair:3   | Reached XP level 15. HP: 61/114 MP: 27/27
 25869 | Lair:2   | Killed Erica
 25981 | D:9      | Learned a level 3 spell: Flight
 25997 | Orc:1    | Entered Level 1 of the Orcish Mines
 26707 | Orc:3    | Noticed Gastronok
 26724 | Orc:3    | Killed Gastronok
 26943 | Orc:3    | Found a staircase to the Elven Halls.
 27106 | Orc:2    | Noticed Psyche
 27115 | Orc:2    | Killed Psyche
 27193 | Orc:2    | Found Haixzam's Armour Emporium.
 27235 | Orc:2    | Found a roughly hewn altar of Beogh.
 27764 | Orc:4    | Entered Level 4 of the Orcish Mines
 27830 | Orc:4    | Noticed Erolcha
 28046 | Orc:4    | Reached skill level 16 in Bows
 28299 | Orc:4    | Found Crulust's Armour Shop.
 28299 | Orc:4    | Found Eqello's Weapon Boutique.
 28299 | Orc:4    | Found Xeamamecw's Distillery.
 28299 | Orc:4    | Found Kakil's Book Shop.
 28323 | Orc:4    | Bought a potion of heal wounds for 65 gold pieces
 28323 | Orc:4    | Bought a potion of heal wounds for 65 gold pieces
 28323 | Orc:4    | Bought a potion of heal wounds for 65 gold pieces
 28323 | Orc:4    | Bought a potion of mutation for 32 gold pieces
 28323 | Orc:4    | Bought a potion of might for 52 gold pieces
 28323 | Orc:4    | Bought a potion of curing for 39 gold pieces
 28446 | Orc:4    | Bought a book of Control for 1040 gold pieces
 28802 | Lair:7   | Learned a level 2 spell: Shroud of Golubria
 28807 | Lair:7   | Learned a level 4 spell: Control Teleport
 29015 | D:10     | Entered Level 10 of the Dungeon
 29277 | D:10     | Found a glowing golden altar of the Shining One.
 29282 | D:10     | Found a runed door.
 31035 | D:12     | Found Tuosuoz's Gadget Shoppe.
 31038 | D:12     | Bought a fan of gales for 640 gold pieces
 31145 | D:12     | Noticed a centaur warrior
 31149 | D:12     | Killed a centaur warrior
 31813 | D:12     | Reached XP level 16. HP: 92/121 MP: 28/28
 31977 | D:12     | Identified a scroll of acquirement
 32687 | D:13     | Noticed Fannar
 32699 | D:13     | Killed Fannar
 32827 | D:13     | Reached skill level 17 in Bows
 33043 | D:13     | Cast into the Abyss (a wizard)
 33125 | Abyss:1  | Found a sparkling altar of Nemelex Xobeh.
 33205 | Abyss:1  | Reached skill level 10 in Stealth
 33234 | Abyss:1  | Noticed a profane servitor
 33245 | Abyss:1  | Killed a profane servitor
 33460 | D:13     | Escaped the Abyss
 33511 | D:13     | Found a gate to the Vaults.
 33737 | D:13     | Found a snail-covered altar of Cheibriados.
 33862 | D:14     | Found a labyrinth entrance.
 33997 | Lab      | Entered a labyrinth
 34213 | Lab      | Identified a -1 rod of inaccuracy (9/9) (You found it in a labyrinth)
 34268 | D:14     | Found Akaompofa's Antique Armour Emporium.
 34280 | D:14     | Bought the +3 hat of Pondering {ponderous, MR+ MP+10 Int+5} for 615 gold pieces
 34883 | D:15     | Entered Level 15 of the Dungeon
 34985 | D:15     | Reached skill level 18 in Bows
 34986 | D:15     | Found a frozen archway.
 35014 | IceCv    | Entered an ice cave
 35254 | IceCv    | Learned a level 2 spell: Repel Missiles
 35512 | D:15     | Reached XP level 17. HP: 116/127 MP: 29/29
 35988 | D:15     | Found a staircase to the Depths.
 35999 | Depths:1 | Entered Level 1 of the Depths
 36468 | D:15     | Reached skill level 19 in Bows
 36802 | Snake:1  | Entered Level 1 of the Snake Pit
 37779 | Snake:2  | Found Phoph's Distillery.
 37781 | Snake:2  | Bought a potion of heal wounds for 80 gold pieces
 38530 | Snake:3  | Reached skill level 20 in Bows
 38994 | Snake:4  | Found a shattered altar of Ashenzari.
 39019 | Snake:4  | Reached XP level 18. HP: 121/134 MP: 30/30
 39188 | Snake:4  | Reached skill level 15 in Axes
 39549 | Snake:4  | Noticed Kloppie's ghost (mighty MiBe)
 39632 | Snake:4  | Killed Kloppie's ghost
 40024 | Snake:5  | Entered Level 5 of the Snake Pit
 41461 | Snake:5  | Noticed Kira's ghost (mighty DEWz)
 41844 | Snake:5  | Killed Kira's ghost
 41985 | Snake:5  | Reached XP level 19. HP: 61/140 MP: 30/30
 42555 | Snake:5  | Got a serpentine rune of Zot
 42781 | Snake:5  | Noticed Aizul
 42807 | Snake:5  | Killed Aizul
 43177 | Shoals:1 | Entered Level 1 of the Shoals
 43204 | Shoals:1 | Noticed Snorg
 43208 | Shoals:1 | Killed Snorg
 43290 | Shoals:1 | Noticed Sonja
 43294 | Shoals:1 | Killed Sonja
 43699 | Shoals:2 | Noticed Nessos
 43703 | Shoals:2 | Killed Nessos
 43960 | Shoals:2 | Found Odisiqij's Book Boutique.
 44733 | Shoals:3 | Noticed Nikola
 44892 | Shoals:3 | Killed Nikola
 45751 | Shoals:5 | Entered Level 5 of the Shoals
 45999 | Shoals:5 | Reached skill level 10 in Invocations
 46621 | Shoals:5 | Reached XP level 20. HP: 144/154 MP: 32/32
 46721 | Shoals:5 | Noticed Ilsuiw
 46734 | Shoals:5 | Killed Ilsuiw
 47009 | Shoals:5 | Got a translucent hand axe
 47010 | Shoals:5 | Identified the cursed -2 hand axe "Critsiaptof" {chop, rPois rC+ Int+6 Dex+2} (You took it off a merfolk javelineer on level 5 of the Shoals)
 47679 | Shoals:5 | Got a barnacled rune of Zot
 48660 | Depths:1 | Found a gateway to Hell.
 48943 | Depths:1 | Reached skill level 5 in Fighting
 48992 | Depths:1 | Noticed a lich
 48998 | Depths:1 | Killed a lich
 49024 | Depths:1 | Noticed a lich
 49030 | Depths:1 | Killed a lich
 49937 | Depths:2 | Found a gateway to a ziggurat.
 50130 | Depths:2 | Found a one-way gate to the infinite horrors of the Abyss.
 50292 | Depths:2 | Reached XP level 21. HP: 72/166 MP: 35/35
 50652 | Depths:3 | Noticed Agnes
 50660 | Depths:3 | Killed Agnes
 50690 | Depths:3 | Reached skill level 10 in Translocations
 50691 | Depths:3 | Noticed the Enchantress
 50695 | Depths:3 | HP: 1/166 [death yak (19)]
 50695 | Depths:3 | Shot with a bolt by a yaktaur captain

Action                   |  1- 3 |  4- 6 |  7- 9 | 10-12 | 13-15 | 16-18 | 19-21 || total
-------------------------+-------+-------+-------+-------+-------+-------+-------++-------
Melee: Hand axe          |    75 |   128 |   294 |   606 |   528 |       |       ||  1631
       Battleaxe         |       |       |       |    61 |   291 |   542 |   400 ||  1294
 Fire: Hunting sling     |       |    50 |   211 |    29 |       |       |       ||   290
       Shortbow          |       |       |       |   392 |   272 |       |       ||   664
       Longbow           |       |       |       |       |   444 |  1059 |   917 ||  2420
Throw: Stone             |    10 |    15 |     6 |     4 |       |       |       ||    35
       Throwing net      |       |       |     2 |       |     1 |     2 |     6 ||    11
 Cast: Blink             |     3 |     8 |    13 |    55 |    37 |    47 |    44 ||   207
       Shroud of Golubri |     1 |       |     7 |    76 |    67 |    23 |    22 ||   196
       Apportation       |     2 |       |    18 |    27 |   102 |   158 |   433 ||   740
       Passage of Golubr |       |       |       |     2 |       |       |       ||     2
       Portal Projectile |       |       |       |       |     1 |       |     5 ||     6
       Flight            |       |       |       |       |       |     5 |    48 ||    53
       Repel Missiles    |       |       |       |       |       |     8 |    14 ||    22
       Control Teleport  |       |       |       |       |       |       |     7 ||     7
Invok: Bend Time         |       |       |     4 |     8 |     5 |     2 |       ||    19
       Slouch            |       |       |       |    12 |    13 |     8 |    35 ||    68
       Temporal Distorti |       |       |       |     1 |       |       |       ||     1
 Abil: Spit Poison       |    31 |    40 |    68 |    67 |    49 |       |       ||   255
       Evoke Teleport Co |       |       |     2 |     4 |       |       |       ||     6
Evoke: Wand              |       |       |       |    19 |    12 |     6 |     8 ||    45
       Sack of spiders   |       |       |       |     6 |     1 |       |       ||     7
       Fan of gales      |       |       |       |       |       |       |     1 ||     1
  Use: Potion            |     1 |       |     1 |     4 |     4 |    12 |    17 ||    39
       Scroll            |       |     5 |    13 |    15 |    24 |    17 |    18 ||    92
 Stab: Sleeping          |     1 |     1 |     3 |    12 |     6 |    11 |     2 ||    36
       Held in net/web   |       |       |     4 |       |     2 |       |       ||     6
       Distracted        |       |       |     1 |     2 |     4 |     3 |       ||    10
  Eat: Chunk             |     2 |    10 |     9 |    11 |    24 |     7 |     2 ||    65
       Beef jerky        |     1 |       |     2 |     5 |     1 |     2 |     2 ||    13
       Pizza             |       |     1 |       |       |       |       |     1 ||     2
       Bread ration      |       |       |     2 |     2 |     2 |     2 |     3 ||    11
       Fruit             |       |       |     3 |    10 |       |     4 |     5 ||    22
       Royal jelly       |       |       |       |       |     1 |     2 |       ||     3
